 Dungeon Crawl Stone Soup version 0.31-a0-1626-g5cb510d322 (webtiles) character file.

Game seed: 15067856410244738393

7920 dorian the Grappler (level 11, -2/72 HPs)
             Began as an Octopode Shapeshifter on Jan 11, 2024.
             Was an Elder of Wu Jian.
             Slain by a vault guard
             ... wielding a +0 broad axe
              (26 damage)
             ... in a bailey on Jan 12, 2024.
             The game lasted 00:28:12 (9945 turns).

dorian the Grappler (Octopode Shapeshifter)         Turns: 9945, Time: 00:28:12

Health: -2/72      AC:  1    Str: 17    XL:     11   Next: 22%
Magic:  11/11      EV: 15    Int: 14    God:    Wu Jian [****..]
Gold:   624        SH:  0    Dex: 11    Spells: 10/10 levels left

rFire   + .          .
                       - Unarmed
rCold   . . .        (no shield)
rNeg    . . .        (helmet restricted)
rPois   .            (no amulet)
rElec   .            x - ring of protection from fire
rCorr   .            (no ring)
SInv    .            (no ring)
Will    .....        (no ring)
Stlth   +++          (no ring)
HPRegen 0.32/turn    (no ring)
MPRegen 0.12/turn    (no ring)
                     (no ring)

%: no passive effects
@: maw-form
A: devouring maw, reduced hp, almost no armour, amphibious, 8 rings, camouflage
1, gelatinous body 1, nimble swimmer 1, tentacles
a: Begin Untransformation, Renounce Religion, Wall Jump, Serpent's Lash


You were in a bailey.
You worshipped Wu Jian.
Wu Jian was greatly pleased with you.
You were a creature with a mouth for a stomach.
You visited 1 branch of the dungeon, and saw 9 of its levels.
You also visited: Sewer, Ossuary and Bailey.

You collected 624 gold pieces.

Inventory:

Hand Weapons
 k - a +3 shortbow of electrocution
Magical Staves
 i - a staff of earth
Jewellery
 x - a ring of protection from fire (left tentacle)
Talismans
 c - a flux talisman
 n - a maw talisman (active)
Wands
 t - a wand of flame (47)
 w - a wand of quicksilver (9)
 A - a wand of polymorph (7)
 B - a wand of iceblast (7)
Scrolls
 b - 2 scrolls of identify
 o - 6 scrolls of teleportation
 q - 2 scrolls of immolation
 y - 2 scrolls of fear
Potions
 d - 4 potions of magic
 e - a potion of curing
 f - a potion of haste
 g - 4 potions of brilliance
 h - 3 potions of enlightenment
 j - a potion of invisibility
 l - 3 potions of resistance
 m - 4 potions of might
 p - 2 potions of heal wounds
 r - 2 potions of mutation
 s - a potion of attraction


   Skills:
 + Level 6.9 Fighting
 + Level 7.1 Dodging
 * Level 10.4 Unarmed Combat
 * Level 9.7 Shapeshifting


You had 10 spell levels left.
You didn't know any spells.
Your spell library contained the following spells:

 Spells                   Type           Power      Damage    Failure   Level
 Blink                    Tloc           0%         N/A       41%         2
 Lesser Beckoning         Tloc           0%         N/A       41%         2
 Momentum Strike          Conj/Tloc      0%         3d8       41%         2
 Scorch                   Fire           0%         2d5       41%         2
 Flame Wave               Conj/Fire      0%         2d4       96%         4
 Vhi's Electric Charge    Tloc/Air       0%         N/A       96%         4
 Arcjolt                  Conj/Air       0%         1d10      100%        5
 Summon Cactus Giant      Summ           0%         N/A       100%        6
 Maxwell's Capacitive Co  Air            0%         ∞         100%        8


Dungeon Overview and Level Annotations

Branches:
Dungeon (9/15)             Temple (0/1) D:6           Sewer (visited)
Ossuary (visited)          Bailey (1/1)
   Lair: D:8-11         Orc: D:9-12

Altars:
Ashenzari
Elyvilon
Hepliaklqana
Kikubaaqudgha
Nemelex Xobeh
Okawaru
Qazlal
Uskayaw
Vehumet
Wu Jian
Yredelemnul

Annotations:
D:3 1 runed translucent door, utilitronium's ghost, amateur MiBe


Innate Abilities, Weirdness & Mutations

You are a creature with a mouth for a stomach.
Your midsection houses a second, enormous mouth.
Your maximum health is decreased, since you lack skill for your form.
You cannot wear most types of armour.
You are amphibious.
You can wear up to eight rings at the same time.
Your skin changes colour to match your surroundings (Stealth+).
Your rubbery body absorbs attacks. (AC +1, EV +1)
You are camouflaged when in or above water. (Stealth+)
You have tentacles for arms and can constrict up to eight enemies at once.


Message History

The blink frog is almost dead.
The iceblast engulfs the vault guard!
The vault guard is moderately wounded.
You hear a shout!
Unknown command.
You bludgeon the blink frog!
You devour the blink frog!
You feel better.
You kill the blink frog!
The Council accepts your kill.
Aiming: Quicksilver Bolt
Press: ? - help, Shift-Dir - straight line, f - vault guard
Aim: a vault guard, wielding a +0 broad axe and wearing a +0 chain mail (moderately wounded, 68% to hit)
The bolt of dispelling energy misses the vault guard.
You lunge at the vault guard.
You tentacle-slap the vault guard. You grab the vault guard.
The vault guard is moderately wounded.
You constrict the vault guard.
The vault guard hits you with a +0 broad axe!
You completely miss the vault guard.
You tentacle-slap the vault guard, but do no damage.
The vault guard is moderately wounded.
You constrict the vault guard, but do no damage.
You batter the vault guard!!
You tentacle-slap the vault guard, but do no damage.
You bite the vault guard, but do no damage.
The vault guard is severely wounded.
You constrict the vault guard.
The vault guard hits you with a +0 broad axe!
You tentacle-slap the vault guard. You bite the vault guard!
The vault guard is severely wounded.
You constrict the vault guard, but do no damage.
The vault guard hits you with a +0 broad axe!!
You tentacle-slap the vault guard. You bite the vault guard.
The vault guard is almost dead.
You constrict the vault guard.
The vault guard hits you with a +0 broad axe.
You completely miss the vault guard. You bite the vault guard.
The vault guard is almost dead.
You constrict the vault guard, but do no damage.
The vault guard hits you with a +0 broad axe!!
You die...

##### ##~~~## #~~~~~#
#####~~~~~+ #...##†~~~#
..∩..'~~~## #######
.....###### ###≈≈≈≈≈###
..∩..')...#+##≈≈~~~~~≈≈##
#...##).....#≈~~W~~~~~~≈##
#####.......##≈~~p~~~~~~≈#
#...#######≈~....~..~# ####
#..##..#≈≈≈~.....~..##....?
#...#..#÷.......~~..#.....!
#...#..).)~~~~....~.'..p...
##..)..#~~≈≈≈≈~~....#.....!
##....#≈≈####≈≈~.~.##....?
#########..###≈~..~######


You could see a vault guard.

Vanquished Creatures
  A vault guard (Bailey)
  A two-headed ogre (D:8)
  A gargoyle (D:9)
  A hornet (D:8)
  Prince Ribbit (D:8)
  A blink frog (Bailey)
  Sigmund (D:4)
  7 yaks
  A wyvern (D:9)
  2 humans (Bailey)
  Grum (D:8)
  3 acid dragons
  A water moccasin (D:7)
  3 sky beasts
  An ice beast (D:8)
  2 black bears
  2 wolves
  3 ogres
  2 centaurs (D:8)
  A phantom (D:5)
  Blork the orc (D:5)
  13 bullfrogs
  3 scorpions
  3 wights
  5 killer bees (D:9)
  A howler monkey (D:8)
  A bombardier beetle (D:6)
  2 hounds (D:5)
  2 bullfrog zombies (Ossuary)
  3 centaur zombies (Ossuary)
  5 jellies
  A sleepcap (D:8)
  3 scorpion zombies (Ossuary)
  Terence (D:2)
  2 iguanas
  3 orc wizards (D:7)
  10 gnolls
  A river rat (Sewer)
  4 adders
  2 shadow imps
  2 white imps
  2 ufetubi (D:6)
  6 adder zombies (Ossuary)
  4 ribbon worms
  3 dart slugs
  30 orcs
  5 ball pythons
  20 endoplasms
  11 giant cockroaches
  8 goblins
  5 hobgoblins
  8 jackals
  7 kobolds
  4 quokkas
  6 bats
  10 frilled lizards
  3 gnoll zombies (Ossuary)
  5 goblin zombies (Ossuary)
  A hobgoblin zombie (Ossuary)
  2 orc zombies (Ossuary)
  16 rats
260 creatures vanquished.

Notes
Turn   | Place    | Note
-------+----------+-------------------------------------------
     0 | D:1      | dorian the Octopode Shapeshifter began the quest for the
                  | Orb.
     0 | D:1      | Reached XP level 1. HP: 13/13 MP: 1/1
   188 | D:1      | Reached XP level 2. HP: 18/18 MP: 2/2
   773 | D:2      | Reached XP level 3. HP: 23/23 MP: 3/3
   937 | D:2      | Noticed Terence
   945 | D:2      | Killed Terence
   946 | D:2      | Reached XP level 4. HP: 19/28 MP: 4/4
  1041 | D:2      | Found an ancient bone altar of Kikubaaqudgha.
  1389 | D:2      | Reached skill level 4 in Unarmed Combat
  1389 | D:2      | Reached XP level 5. HP: 27/34 MP: 5/5
  1847 | D:3      | Found an ornate altar of the Wu Jian Council.
  1905 | D:3      | Became a worshipper of the Wu Jian Council
  1922 | D:3      | Found a runed translucent door.
  1929 | D:3      | Noticed utilitronium's ghost (amateur MiBe)
  1957 | D:3      | Found an ancient bone altar of Kikubaaqudgha.
  2088 | D:3      | Found a white marble altar of Elyvilon.
  2447 | D:4      | Found a broken altar of Ashenzari.
  2514 | D:4      | Noticed Sigmund
  2542 | D:4      | Killed Sigmund
  2543 | D:4      | Reached XP level 6. HP: 30/41 MP: 6/6
  2582 | D:4      | Found a glowing drain.
  2588 | Sewer    | Entered a sewer
  2624 | Sewer    | Reached * piety under Wu Jian
  2787 | Sewer    | Reached skill level 5 in Unarmed Combat
  2787 | Sewer    | Reached XP level 7. HP: 44/45 MP: 7/7
  2958 | Sewer    | Found a viscous altar of Jiyva.
  3172 | D:4      | Reached ** piety under Wu Jian
  3303 | D:4      | Found an iron altar of Okawaru.
  3535 | D:4      | Found a hide-covered altar of Uskayaw.
  3626 | D:5      | Entered Level 5 of the Dungeon
  3674 | D:5      | Found a sand-covered staircase.
  3686 | Ossuary  | Entered an ossuary
  3835 | Ossuary  | Reached skill level 5 in Shapeshifting
  4150 | Ossuary  | Noticed a silent spectre
  4204 | D:5      | Reached XP level 8. HP: 27/52 MP: 8/8
  4373 | D:5      | Reached skill level 6 in Unarmed Combat
  4374 | D:5      | Reached *** piety under Wu Jian
  4616 | D:5      | Noticed Blork the orc
  4624 | D:5      | Killed Blork the orc
  5735 | D:6      | Found a staircase to the Ecumenical Temple.
  5835 | D:6      | Found a radiant altar of Vehumet.
  5941 | D:6      | Reached skill level 7 in Unarmed Combat
  6284 | D:7      | Reached XP level 9. HP: 57/59 MP: 9/9
  6426 | D:7      | Reached skill level 5 in Dodging
  6540 | D:7      | Found a hazy altar of Hepliaklqana.
  6646 | D:7      | Found a sparkling altar of Nemelex Xobeh.
  6877 | D:7      | Upgraded the game from 0.31-a0-1620-gcbf77bbcfc to
                  | 0.31-a0-1626-g5cb510d322
  7035 | D:8      | Reached skill level 5 in Fighting
  7068 | D:8      | Noticed Prince Ribbit
  7152 | D:8      | Killed Prince Ribbit
  7153 | D:8      | Reached skill level 8 in Unarmed Combat
  7327 | D:8      | Noticed Grum
  7344 | D:8      | HP: 3/61 [wolf[Grum] (10)]
  7510 | D:8      | Killed Grum
  7566 | D:8      | Reached **** piety under Wu Jian
  7669 | D:8      | Noticed a two-headed ogre
  7669 | D:8      | Noticed a hornet
  8144 | D:8      | Found a basalt altar of Yredelemnul.
  8337 | D:8      | Found a stormy altar of Qazlal.
  8386 | D:8      | Reached XP level 10. HP: 66/66 MP: 10/10
  8555 | D:8      | Killed a two-headed ogre
  8556 | D:8      | Reached skill level 9 in Unarmed Combat
  9606 | D:9      | Found a flagged portal.
  9607 | D:9      | Noticed a gargoyle
  9617 | D:9      | Killed a gargoyle
  9618 | D:9      | Reached skill level 10 in Unarmed Combat
  9623 | Bailey   | Entered a bailey
  9667 | Bailey   | Reached XP level 11. HP: 69/74 MP: 11/11
  9724 | Bailey   | Noticed a vault guard
  9752 | Bailey   | Killed a vault guard
  9923 | Bailey   | Noticed a vault guard
  9945 | Bailey   | Slain by a vault guard

Illustrated notes

Levels and vault maps discovered:
D:1:      lightli_arrival_quake, layout_basic, minmay_3d_cube
D:2:      layout_loops_ring, basic_altar, minmay_tiny_reverse_x, uniq_terence
D:3:      layout_basic, elyvilon_altar_4, overflow_temple_1_default,
          mainiacjoe_overflow_alcove_1, ebering_ghost_sewer_d
D:4:      layout_loops_cross, evilmike_ruin_ashenzari, kennysheep_little_box,
          mainiacjoe_overflow_alcove_4,
          mainiacjoe_sewer_entry_somewhere_in_here_1, serial_bayou,
          serial_bayou_pond_e, serial_bayou_lake_a, serial_bayou_crossing,
          kennysheep_crisscross, uniq_sigmund
D:5:      layout_loops_corners, lightli_ossuary_entry_decrepit_ruins,
          uniq_blork_the_orc
D:6:      layout_basic, vehumet_altar_wand_db, minmay_temple_entry_trees
D:7:      layout_gridville, nemelex_dance_club_becter,
          mainiacjoe_overflow_six_doors_small
D:8:      layout_basic, lemuel_tele_altar, general_overflow_altar,
          minmay_joined_circles, uniq_grum, uniq_prince_ribbit1
D:9:      layout_cave_pools, led_sif_pool, kennysheep_mini_moat, enter_bailey_4,
          hangedman_decor_slide_cut, grunt_ministairs_12
Bailey:   bailey_axe_froggy_fort_hellmonk, bailey

Skill      XL: |  1  2  3  4  5  6  7  8  9 10 11 |
---------------+----------------------------------+-----
Unarmed Combat | 4 5 7 8 10 | 10.4
Fighting       | 2 3 4 5 6 |  6.9
Shapeshifting  | 4 5 6 8 9 |  9.7
Dodging        | 3 4 5 6 7 |  7.1

Action                     |  1- 3 |  4- 6 |  7- 9 | 10-12 || total
---------------------------+-------+-------+-------+-------++-------
  Melee: Unarmed           |    55 |   136 |   310 |   149 ||   650
         Tentacles         |    12 |    30 |    90 |    37 ||   169
         Constrict         |    13 |    26 |    72 |    17 ||   128
         Punch             |     1 |     3 |    11 |     8 ||    23
         Maw               |       |       |       |    33 ||    33
Ability: Lunge             |       |    12 |    45 |    10 ||    67
         Whirlwind         |       |       |     2 |       ||     2
  Evoke: Wand              |       |       |       |    10 ||    10
    Use: Potion            |     1 |     2 |     4 |     5 ||    12
         Scroll            |       |    12 |    13 |     2 ||    27
   Stab: Sleeping          |     2 |    15 |     8 |     1 ||    26
         Distracted        |       |       |     1 |       ||     1
 Armour: Skin              |    20 |    53 |   111 |    95 ||   279
  Dodge: Dodged            |    27 |    59 |   158 |    65 ||   309
   Form: Flux              |       |       |     1 |       ||     1
         Maw               |       |       |       |     1 ||     1

Table legend: (Time is in decaauts)
 A = Elapsed time spent in this place.
 B = Non-inter-level travel time spent in this place.
 C = Inter-level travel time spent in this place.
 D = Time resting spent in this place.
 E = Time spent auto-exploring this place.
 F = Levels seen in this place.
 G = Mean time per level.
                   A        B        C        D        E       F      G
               +--------+--------+--------+--------+--------+-----+--------+
         Total |   9859 |   8991 |    868 |   1499 |   5605 |  12 |  821.6 |
       Dungeon |   8655 |   7787 |    868 |   1266 |   5210 |   9 |  961.7 |
         Sewer |    399 |    399 |      0 |     60 |    173 |   1 |  399.0 |
       Ossuary |    493 |    493 |      0 |    172 |      0 |   1 |  493.0 |
        Bailey |    312 |    312 |      0 |      0 |    222 |   1 |  312.0 |
               +--------+--------+--------+--------+--------+-----+--------+

Top non-repeatable levels by time:
     D:8: 1873 daAuts
     D:5: 1281 daAuts
     D:2: 942 daAuts
     D:6: 918 daAuts
     D:7: 871 daAuts
     D:1: 856 daAuts
     D:4: 775 daAuts
     D:3: 618 daAuts
     D:9: 517 daAuts
 Ossuary: 493 daAuts
   Sewer: 399 daAuts
  Bailey: 312 daAuts
